 Dungeon Crawl Stone Soup version 0.31-a0-208-gdb31a4691d (webtiles) character file.

Game seed: 2577053172727539488

114 Ge0ff the Ruffian (level 4, 0/39 HPs)
             Began as an Armataur Chaos Knight on June 28, 2023.
             Was a Follower of Qazlal.
             Slain by Natasha (8 damage)
             ... on level 3 of the Dungeon.
             The game lasted 00:04:31 (2175 turns).

Ge0ff the Ruffian (Armataur Chaos Knight)           Turns: 2175, Time: 00:04:32

Health: 0/39       AC:  7    Str: 18    XL:     4   Next: 67%
Magic:  4/4        EV:  9    Int: 16    God:    Qazlal [*.....]
Gold:   64         SH:  7    Dex:  9    Spells: 3/3 levels left

rFire   . .          .
                       - Unarmed
rCold   . . .        (no shield)
rNeg    . . .        a - +2 leather armour
rPois   +            (no helmet)
rElec   .            d - +0 cloak
rCorr   .            (no gloves)
SInv    +            (no barding)
Will    .....        B - amulet of reflection
Stlth   +            (no ring)
HPRegen 0.00/turn    (no ring)
MPRegen 0.09/turn

%: reflection, roll
@: inhibited regen, slowed, very slow
A: large, rugged brown scales 3, deformed body, armoured tail, roll, long
tongue, awkward tongue, see invisible, clever 1, poison resistance, inhibited
regeneration
a: Renounce Religion


You were on level 3 of the Dungeon.
You worshipped Qazlal.
Qazlal was aware of your devotion.
You visited 1 branch of the dungeon, and saw 3 of its levels.

You collected 64 gold pieces.

Inventory:

Missiles
 c - 14 boomerangs (quivered)
 e - 19 stones
 C - 8 poisoned darts
Armour
 a - a +2 leather armour (worn)
 d - a +0 cloak (worn)
 y - a +0 scale mail
 G - a +0 buckler
Jewellery
 B - an amulet of reflection (around neck)
Wands
 f - a wand of flame (18)
Potions
 z - a potion of resistance {unknown}
 D - 2 potions of enlightenment {unknown}
 E - 2 potions of invisibility {unknown}
 H - a potion of heal wounds {unknown}
Miscellaneous
 x - a piece from Xom's chessboard (12/15)


   Skills:
 - Level 2.6 Fighting
 - Level 2.4 Armour
 - Level 0.6 Dodging
 - Level 2.0 Stealth
 + Level 4.1 Unarmed Combat
 - Level 2.0 Evocations


You had 3 spell levels left.
You didn't know any spells.
Your spell library contained the following spells:

 Spells                   Type           Power      Damage    Failure   Level
 Dazzling Flash           Conj/Hex       0%         N/A       65%         3
 Volatile Blastmotes      Fire/Tloc      0%         2d10      65%         3
 Iskenderun's Mystic Bla  Conj/Tloc      0%         2d3       96%         4
 Starburst                Conj/Fire      0%         6d3       100%        6
 Chain Lightning          Conj/Air       0%         N/A       100%        9
 Fire Storm               Conj/Fire      0%         5d1       100%        9
 Shatter                  Erth           0%         3d5*      100%        9


Dungeon Overview and Level Annotations

Branches:
Dungeon (3/15) Zot: 15843

Altars:
Qazlal

Annotations:
D:3 Natasha


Innate Abilities, Weirdness & Mutations

You are completely covered in rugged brown scales. (AC +3, +7% HP)
Armour fits poorly on your strangely shaped body.
You have a long armoured tail.
You roll when moving toward enemies. (Rampage)
Your long tongue fully drains potion bottles. (2x potion effects)
Your tongue gives you trouble enunciating. (1.5x scroll delay)
You have supernaturally acute eyesight. (SInv)
Your mind is acute. (Int +4, Str/Dex -1)
Your system is resistant to poisons. (rPois)
You do not regenerate when monsters are visible.


Message History

You throw a boomerang. The boomerang barely misses Natasha.
Natasha mumbles some strange words.
You roll towards Natasha!
Natasha barely misses you.
The cerulean imp hits you but does no damage.
You miss Natasha.
Your tail-slap misses Natasha.
You block Natasha's attack.
You hit Natasha.
Natasha is lightly wounded.
The cerulean imp hits you but does no damage.
You block Natasha's attack.
You hit Natasha.
Natasha is moderately wounded.
The cerulean imp hits you with a +0 spear.
Natasha casts a spell at you.
You feel yourself slow down.
You barely miss Natasha.
Natasha is moderately wounded.
The cerulean imp hits you with a +0 spear.
Natasha claws you but does no damage. You block the cerulean imp's attack.
You hit Natasha.
Your tail-slap misses Natasha.
Natasha is heavily wounded.
Natasha claws you.
The cerulean imp hits you with a +0 spear.
Natasha claws you.
You hit Natasha but do no damage. You punch Natasha.
Natasha is heavily wounded.
The cerulean imp hits you with a +0 spear.
Natasha casts a spell.
The cerulean imp closely misses you.
You hit Natasha but do no damage.
Natasha is heavily wounded.
Natasha casts a spell at you. The magic dart hits you.
The cerulean imp hits you but does no damage.
The cerulean imp completely misses you. You block Natasha's attack.
You closely miss Natasha.
Natasha is heavily wounded.
The cerulean imp hits you with a +0 spear.
The cerulean imp barely misses you. Natasha claws you!
The cerulean imp barely misses you. x2
You hit Natasha.
Your tail-slap misses Natasha.
Natasha is almost dead.
Natasha stares at you and mumbles some strange words.
The magic dart hits you.
* * * LOW HITPOINT WARNING * * *
The cerulean imp is engulfed in blazing flames.
The cerulean imp closely misses you.
The cerulean imp hits you with a +0 spear.
* * * LOW HITPOINT WARNING * * *
Natasha claws you!
You die...

#.# #......#
#.###......# ######
####..........#
#.....##.....##......#
..............########
...............#
.......<.......#
.........○.†...#
........5@.....#
........5.h....##
............>...#
................# #
#.....##......#.... #
######
####...#.##..######
#.[.... ........
#...#...........
#........#....†.


You could see Natasha and 2 cerulean imps.

Vanquished Creatures
  Terence (D:3)
  Natasha (D:3)
  An adder (D:2)
  2 worms
  2 dart slugs
  5 bats
  5 endoplasms
  6 goblins
  2 hobgoblins (D:1)
  2 jackals (D:3)
  2 kobolds (D:2)
  3 quokkas
  5 ball pythons
  3 frilled lizards
  4 rats
44 creatures vanquished.

Notes
Turn   | Place    | Note
-------+----------+-------------------------------------------
     0 | D:1      | Ge0ff the Armataur Chaos Knight began the quest for the
                  | Orb.
     0 | D:1      | Reached XP level 1. HP: 19/19 MP: 1/1
   163 | D:1      | XOM: silly message
   208 | D:1      | XOM: potion effect (haste)
   211 | D:1      | Reached skill level 1 in Stealth
   212 | D:1      | Reached XP level 2. HP: 26/26 MP: 2/2
   339 | D:1      | You fall into a shaft and drop 1 floor!
   369 | D:2      | Found a faded altar of an unknown god.
   377 | D:2      | Prayed at the altar of an unknown god.
   377 | D:2      | Fell from the grace of Xom
   377 | D:2      | Became a worshipper of Qazlal Stormbringer
   377 | D:2      | Reached * piety under Qazlal
   530 | D:1      | Reached skill level 1 in Evocations
   564 | D:1      | XOM: torment (14/26 hp)
   655 | D:1      | Reached skill level 3 in Unarmed Combat
   932 | D:2      | Reached XP level 3. HP: 32/32 MP: 3/3
  1457 | D:2      | XOM: stat loss: -2 Dex (7/9)
  1499 | D:3      | Noticed an ogre
  1683 | D:3      | XOM: give mutations
  1683 | D:3      | Gained mutation: Your system is resistant to poisons.
                  | (rPois) [Xom's mischief]
  1683 | D:3      | Gained mutation: Your mind is acute. (Int +4, Str/Dex -1)
                  | [Xom's mischief]
  1683 | D:3      | Gained mutation: You do not regenerate when monsters are
                  | visible. [Xom's mischief]
  1683 | D:3      | Gained mutation: You have supernaturally acute eyesight.
                  | (SInv) [Xom's mischief]
  1821 | D:3      | Noticed Terence
  1958 | D:3      | Killed Terence
  1959 | D:3      | Reached XP level 4. HP: 39/39 MP: 4/4
  2024 | D:3      | Noticed Natasha
  2033 | D:3      | Killed Natasha
  2034 | D:3      | Reached skill level 4 in Unarmed Combat
  2162 | D:3      | Noticed Natasha
  2175 | D:3      | Slain by Natasha

Illustrated notes

Levels and vault maps discovered:
D:1:      tarquinn_simple_flora_water_f, layout_loops_ring
D:2:      layout_basic, ebering_ecumenical_altar_petrified
D:3:      layout_rooms, serial_shops, nicolae_shop_pleasant_corner_grove,
          minmay_gold_behind_fungi, uniq_terence, uniq_natasha

Skill      XL: |  1  2  3  4 |
---------------+-------------+-----
Stealth        | 1 2 |  2.0
Evocations     | 1 2 |  2.0
Unarmed Combat | 3 4 |  4.1
Fighting       | |  2.6
Armour         | |  2.4
Dodging        | |  0.6

Action                     |  1- 3 |  4- 6 || total
---------------------------+-------+-------++-------
  Melee: Unarmed           |   114 |    23 ||   137
         Tailslap          |    17 |     2 ||    19
         Punch             |     1 |     1 ||     2
  Throw: Boomerang         |     5 |     3 ||     8
  Evoke: Piece from Xom's  |     4 |       ||     4
    Use: Scroll            |     3 |       ||     3
   Stab: Paralysed         |     3 |       ||     3
 Armour: Leather armour    |    31 |     8 ||    39
  Dodge: Dodged            |    28 |    16 ||    44
  Block: Other             |    19 |     6 ||    25

Table legend: (Time is in decaauts)
 A = Elapsed time spent in this place.
 B = Non-inter-level travel time spent in this place.
 C = Inter-level travel time spent in this place.
 D = Time resting spent in this place.
 E = Time spent auto-exploring this place.
 F = Levels seen in this place.
 G = Mean time per level.
                   A        B        C        D        E       F      G
               +--------+--------+--------+--------+--------+-----+--------+
         Total |   2155 |   2069 |     86 |    225 |   1401 |   3 |  718.3 |
       Dungeon |   2155 |   2069 |     86 |    225 |   1401 |   3 |  718.3 |
               +--------+--------+--------+--------+--------+-----+--------+

Top non-repeatable levels by time:
     D:2: 934 daAuts
     D:1: 773 daAuts
     D:3: 447 daAuts
